 Dungeon Crawl Stone Soup version 0.24-a0-439-g6dd8730de2 (webtiles) character file.

Game seed: 12673694811625478851

1763 theanonym the Carver (level 8, -2/56 HPs)
             Began as a Mummy Warper on June 18, 2019.
             Was a Believer of Yredelemnul.
             Slain by an orc knight
             ... wielding a +0 war axe
              (14 damage)
             ... in a bailey.
             The game lasted 00:12:52 (8948 turns).

theanonym the Carver (Mummy Warper)                 Turns: 8948, Time: 00:12:53

Health: -2/56      AC: 13    Str: 17    XL:     8   Next: 79%
Magic:  12/12      EV:  7    Int: 12    God:    Yredelemnul [**....]
Gold:   161        SH:  0    Dex: 15    Spells: 3/12 levels left

rFire    x . .     SeeInvis .   a - +1 scimitar
rCold    + . .     Gourm    .   (no shield)
rNeg     + + +     Faith    .   i - +0 chain mail
rPois    ∞         Spirit   .   e - +0 helmet
rElec    .         Reflect  .   d - +1 cloak
rCorr    .         Harm     .   h - +0 pair of gloves
MR       +....                  k - +0 pair of boots
Stlth    ..........             (no amulet)
HPRegen  0.18/turn              j - +4 ring of dexterity
MPRegen  0.13/turn              f - ring of wizardry

@: about to teleport
A: no food or potions, fire vulnerability, cold resistance 1, negative energy
resistance 3, torment resistance, unbreathing
a: Animate Remains, Recall Undead Slaves, Injury Mirror, Renounce Religion


Innate Abilities, Weirdness & Mutations

You do not eat or drink.
Your flesh is vulnerable to fire.
You are immune to poison.
Your flesh is cold resistant. (rC+)
You are immune to negative energy. (rN+++)
You are immune to unholy pain and torment.
You can survive without breathing.


   Skills:
 - Level 2.0 Fighting
 + Level 9.2 Long Blades
 - Level 0.7 Throwing
 - Level 0.7 Armour
 - Level 1.5 Dodging
 - Level 2.6 Spellcasting
 - Level 2.4 Translocations
 + Level 3.1 Invocations


You had 3 spell levels left.
You knew the following spells:

 Your Spells              Type           Power        Failure   Level  Hunger
a - Passage of Golubria   Tloc           N/A          99%         4    N/A
e - Lesser Beckoning      Tloc           #.........   86%         3    N/A
l - Blink                 Tloc           N/A          65%         2    N/A

Your spell library contained the following spells:

 Spells                   Type           Power        Failure   Level  Hunger
 Shroud of Golubria       Chrm/Tloc      #.....       82%         2    N/A
 Gell's Gravitas          Tloc           #.........   86%         3    N/A
 Teleport Other           Tloc           #.......     86%         3    N/A

Skill      XL: |  1  2  3  4  5  6  7  8 |
---------------+-------------------------+-----
Long Blades    | 2 3 4 5 6 8 9 |  9.2
Invocations    | 3 |  3.1
Fighting       | |  2.0
Throwing       | |  0.7
Armour         | |  0.7
Dodging        | |  1.5
Spellcasting   | |  2.6
Translocations | |  2.4

Action                   |  1- 3 |  4- 6 |  7- 9 || total
-------------------------+-------+-------+-------++-------
Melee: Falchion          |   118 |    88 |   184 ||   390
       Scimitar          |       |       |   160 ||   160
Throw: Boomerang         |     5 |       |       ||     5
Invok: Animate Remains   |       |       |    17 ||    17
Evoke: Wand              |       |     4 |    15 ||    19
  Use: Scroll            |     3 |     1 |    10 ||    14
 Stab: Paralysed         |       |       |     5 ||     5
       Distracted        |       |       |     1 ||     1
Armor: Leather armour    |    13 |       |       ||    13
       Chain mail        |    46 |    36 |   229 ||   311
Dodge: Dodged            |    63 |    35 |   130 ||   228
       Rpst.: Falchion   |    23 |    15 |    26 ||    64
       Scimitar          |       |       |    20 ||    20

Inventory:

Hand Weapons
 a - a +1 scimitar (weapon)
Armour
 d - a +1 cloak (worn)
 e - a +0 helmet (worn)
 h - a +0 pair of gloves (worn)
 i - a +0 chain mail (worn)
 k - a +0 pair of boots (worn)
Jewellery
 f - a ring of wizardry (right hand)
 j - a +4 ring of dexterity (left hand)
Wands
 l - a wand of iceblast (7)
 m - a wand of polymorph (5)
 w - a wand of flame (23)
Scrolls
 g - a scroll of amnesia
 n - a scroll of remove curse
 p - 2 scrolls of fear
 r - a scroll of identify
 y - a scroll of magic mapping
 B - 2 scrolls of blinking You were in a bailey. You worshipped Yredelemnul. Yredelemnul was pleased with you. You were not hungry. You visited 2 branches of the dungeon, and saw 9 of its levels. You also visited: Bailey. You collected 260 gold pieces. You spent 99 gold pieces at shops.

Dungeon Overview and Level Annotations

Branches:
Dungeon (8/15)             Temple (1/1) D:4
   Lair: D:8-11

Altars:
Ashenzari
Cheibriados
Dithmenos
Elyvilon
Fedhas
Kikubaaqudgha
Makhleb
Nemelex Xobeh
Okawaru
Qazlal
Ru
Trog
Uskayaw
Vehumet
Wu Jian
Yredelemnul
Zin
The Shining One

Shops:
D:5 *

Annotations:
D:3 Grinder
D:6 3 runed translucent doors, feelmyfire's ghost, amateur OgIE

##.Z.ZZ##
####)##
##..)))##
#.......#
##.......##
#.........#
##.........##
#.....⌠.....# 8
##...@.....##
... #..o......#
.....##g......##
....)og)......#
......##.....##
.⌠..). #######
..... .... ....


You could see an orc knight, an orc warrior, a hobgoblin and a goblin.

Notes
Turn   | Place    | Note
-------+----------+-------------------------------------------
     0 | D:1      | theanonym the Mummy Warper began the quest for the Orb.
     0 | D:1      | Reached XP level 1. HP: 16/16 MP: 4/4
   107 | D:1      | Reached skill level 2 in Long Blades
   178 | D:1      | HP: 6/16 [kobold (3)]
   185 | D:1      | Reached XP level 2. HP: 8/22 MP: 5/5
   681 | D:1      | HP: 10/22 [kobold/+0 dagger (3)]
   687 | D:1      | HP: 8/22 [kobold/+0 dagger (1)]
  1221 | D:2      | HP: 9/22 [hobgoblin (4)]
  1462 | D:2      | Reached skill level 3 in Long Blades
  1462 | D:2      | Reached XP level 3. HP: 25/27 MP: 7/7
  1947 | D:3      | Noticed Sigmund
  2170 | D:3      | Learned a level 2 spell: Blink
  2174 | D:3      | Learned a level 3 spell: Lesser Beckoning
  2218 | D:3      | Noticed an ogre
  2226 | D:3      | Killed an ogre
  2226 | D:3      | Reached skill level 4 in Long Blades
  2226 | D:3      | Reached XP level 4. HP: 33/33 MP: 8/8
  2226 | D:3      | Reached XP level 5. HP: 38/38 MP: 9/9
  2237 | D:3      | Found a glowing golden altar of the Shining One.
  2252 | D:3      | Noticed Natasha
  2263 | D:3      | HP: 19/38 [Natasha (4)]
  2266 | D:3      | Killed Natasha
  2563 | D:3      | Noticed Natasha
  2571 | D:3      | Killed Natasha
  2655 | D:3      | Noticed Jessica
  2666 | D:3      | Killed Jessica
  2666 | D:3      | Reached skill level 5 in Long Blades
  2690 | D:3      | Killed Sigmund
  2690 | D:3      | Reached XP level 6. HP: 26/44 MP: 10/10
  2693 | D:3      | Noticed Grinder
  2698 | D:3      | Paralysed by Grinder for 5 turns
  2701 | D:3      | Noticed Natasha
  2835 | D:3      | Killed Natasha
  2835 | D:3      | Paralysed by Grinder for 7 turns
  2837 | D:3      | HP: 19/44 [Grinder (5)]
  3169 | D:4      | Reached skill level 6 in Long Blades
  3222 | D:4      | HP: 21/44 [worm (4)]
  3559 | D:4      | Noticed Robin
  3601 | D:4      | Reached XP level 7. HP: 48/50 MP: 11/11
  3608 | D:4      | Killed Robin
  3952 | D:4      | Found a staircase to the Ecumenical Temple.
  3959 | Temple   | Entered the Ecumenical Temple
  4075 | Temple   | Became a worshipper of Yredelemnul the Dark
  4117 | D:5      | Entered Level 5 of the Dungeon
  4124 | D:5      | Reached skill level 7 in Long Blades
  4284 | D:4      | Found a staircase to the Ecumenical Temple.
  4383 | D:4      | HP: 24/50 [adder (2)]
  4401 | D:4      | HP: 24/50 [orc/cursed +0 mace (3)]
  5003 | D:5      | Found a shattered altar of Ashenzari.
  5034 | D:5      | Found Pufyvipa's General Store.
  5038 | D:5      | Bought a wand of paralysis (7) for 99 gold pieces
  5492 | D:6      | Found a runed translucent gate.
  5492 | D:6      | Found a runed translucent gate.
  5492 | D:6      | Found a runed translucent gate.
  5492 | D:6      | Noticed feelmyfire's ghost (amateur OgIE)
  5492 | D:6      | Noticed a kobold demonologist
  5748 | D:5      | HP: 23/50 [necrophage (3)]
  5758 | D:5      | HP: 17/50 [orc (2)]
  6300 | D:6      | HP: 25/50 [black bear (2)]
  6301 | D:6      | Reached skill level 8 in Long Blades
  6301 | D:6      | Reached XP level 8. HP: 28/56 MP: 12/12
  6458 | D:6      | Learned a level 4 spell: Passage of Golubria
  7516 | D:7      | Found a white marble altar of Elyvilon.
  7588 | D:7      | HP: 28/56 [bullfrog (2)]
  7590 | D:7      | Reached * piety under Yredelemnul
  8088 | D:8      | Found a flagged portal.
  8097 | Bailey   | Entered a bailey
  8135 | Bailey   | HP: 20/56 [orc warrior/+0 hand axe (12)]
  8137 | Bailey   | Reached skill level 1 in Invocations
  8143 | Bailey   | HP: 13/56 [gnoll/+0 hand axe (6)]
  8157 | Bailey   | HP: 11/56 [gnoll/+0 hand axe (4)]
  8562 | Bailey   | HP: 24/56 [hobgoblin/+0 hand axe (5)]
  8567 | Bailey   | Reached skill level 2 in Invocations
  8764 | Bailey   | Reached skill level 9 in Long Blades
  8917 | Bailey   | Noticed an orc knight
  8925 | Bailey   | HP: 26/56 [orc warrior/+0 hand axe (11)]
  8930 | Bailey   | Reached ** piety under Yredelemnul
  8930 | Bailey   | Reached skill level 3 in Invocations
  8943 | Bailey   | HP: 24/56 [orc knight/+0 war axe (2)]
  8948 | Bailey   | Slain by an orc knight

Vanquished Creatures
  Sigmund (D:3)
  A porcupine (Bailey)
  A black bear (D:6)
  3 orc warriors (Bailey)
  A centaur (D:7)
  A necrophage (D:5)
  3 ogres
  A bullfrog (D:7)
  A scorpion (D:5)
  2 howler monkeys
  A bullfrog zombie (D:6)
  2 orc priests
  A hound (D:4)
  Jessica (D:3)
  Natasha (thrice) (D:3)
  A worker ant (D:4)
  A hound zombie (D:6)
  A hound skeleton (D:5)
  Robin (D:4)
  7 adders
  7 gnolls (Bailey)
  A shadow imp (D:6)
  2 adder skeletons
  An adder zombie (D:5)
  A worm (D:4)
  A dart slug (D:5)
  3 leopard geckos
  16 orcs
  A ball python (D:1)
  A giant cockroach (D:8)
  23 goblins
  17 hobgoblins
  4 jackals
  4 kobolds (D:1)
  2 quokkas
  3 bats
  4 frilled lizards
  A jackal skeleton (D:6)
  A quokka zombie (D:5)
  7 rats
134 creatures vanquished.

Vanquished Creatures (collateral kills)
  A gnoll (Bailey)
  An orc (Bailey)
  A hobgoblin (Bailey)
3 creatures vanquished.

Vanquished Creatures (others)
  5 gnoll zombies (Bailey)
  4 goblin zombies (Bailey)
  2 hobgoblin zombies (Bailey)
  5 orc zombies (Bailey)
16 creatures vanquished.

Grand Total: 153 creatures vanquished

Table legend:
 A = Turns spent in this place as a percentage of turns spent in the entire game.
 B = Non-inter-level travel turns spent in this place as a percentage of non-inter-level travel turns spent in the entire game.
 C = Inter-level travel turns spent in this place as a percentage of turns spent in this place.
 D = Turns resting spent in this place as a percentage of non-inter-level travel turns spent in this place.
 E = Turns spent auto-exploring this place as a percentage of non-inter-level travel turns spent in this place.
 F = Non-inter-level travel turns spent in this place divided by the number of levels of this place that you've seen.
                   A       B       C       D       E      F
               +-------+-------+-------+-------+-------+----------------------
         Total | 100.0 | 100.0 |   4.2 |  35.9 |  49.7 | 857.4
       Dungeon |  89.1 |  88.7 |   4.5 |  32.6 |  53.7 | 951.1
        Temple |   1.4 |   1.3 |  10.9 |   0.0 |  97.4 | 114.0
        Bailey |   9.5 |   9.9 |   0.0 |  69.8 |   7.3 | 851.0
               +-------+-------+-------+-------+-------+----------------------
